 Dungeon Crawl Stone Soup version 0.25-a0-992-gca090100c3 (webtiles) character file.

Game seed: 16219284047603327828, levelgen mode: deterministic

32427 Esekla the Covert (level 13, -4/181 HPs)
             Began as a Naga Conjurer on May 10, 2020.
             Was a Follower of Makhleb.
             Slain by a molten gargoyle
             ... wielding a +0 mace
              (13 damage)
             ... on level 6 of the Lair of Beasts.
             The game lasted 02:55:27 (24268 turns).

Esekla the Covert (Naga Conjurer)                  Turns: 24268, Time: 02:55:28

Health: -4/181     AC: 17    Str: 14    XL:     13   Next: 64%
Magic:  24/24      EV: 10    Int: 17    God:    Makhleb [*.....]
Gold:   1106       SH:  0    Dex: 12    Spells: 7/27 levels left

rFire    . . .     SeeInvis +   e - +7 war axe (elec)
rCold    . . .     Gourm    .   (no shield)
rNeg     . . .     Faith    .   D - +1 leather armour {MR+}
rPois    +         Spirit   .   S - +2 helmet
rElec    .         Reflect  .   (no cloak)
rCorr    .         Harm     .   o - +2 pair of gloves
MR       ++...                  (no barding)
Stlth    ..........             (no amulet)
HPRegen  0.40/turn              p - +2 ring of slaying
MPRegen  0.19/turn              m - +4 ring of protection

@: berserking, quick
A: large, see invisible, deformed body, poison resistance, slowness 2, slow
metabolism 1, spit poison 1, constrict 1, AC +4
a: Spit Poison, Renounce Religion


You were on level 6 of the Lair of Beasts.
You worshipped Makhleb.
Makhleb was aware of your devotion.
You were not hungry.

You visited 3 branches of the dungeon, and saw 19 of its levels.

You collected 1106 gold pieces.

Inventory:

Hand Weapons
 e - a +7 war axe of electrocution (weapon)
 f - a +1 dagger of flaming
 h - a +1 falchion of holy wrath
 s - the +3 rapier of the Key {speed, Dex+4}
   (You found it on level 12 of the Dungeon)

   Attacks with this weapon are significantly faster.
   It affects your dexterity (+4).
 v - a +3 dagger of venom
 J - a cursed +5 dagger of freezing
Missiles
 b - 73 poisoned darts (quivered)
 n - 4 boomerangs of dispersal
 I - 16 boomerangs
 N - 4 silver boomerangs
 P - 2 curare-tipped darts
Armour
 a - a +0 robe
 o - a +2 pair of gloves (worn)
 D - a +1 leather armour of magic resistance (worn)
 O - a +2 tower shield of reflection
 S - a +2 helmet (worn)
Jewellery
 m - a +4 ring of protection (right hand)
 p - a +2 ring of slaying (left hand)
 R - an uncursed ring of stealth
Wands
 x - a wand of random effects (17)
 B - a wand of flame (15)
 Q - a wand of polymorph (17)
Scrolls
 d - a scroll of fog
 g - 3 scrolls of amnesia
 j - 3 scrolls of fear
 q - 4 scrolls of enchant weapon
 y - 3 scrolls of remove curse
 z - a scroll of teleportation
 E - a scroll of holy word
 G - a scroll of identify
 K - 2 scrolls of enchant armour
 U - a scroll of vulnerability
 V - a scroll of noise
Potions
 i - 6 potions of curing
 k - 5 potions of brilliance
 l - a potion of berserk rage
 r - 2 potions of flight
 t - a potion of invisibility {unknown}
 u - 3 potions of mutation
 w - a potion of stabbing {unknown}
 A - a potion of cancellation {unknown}
 C - a potion of lignification
 F - 2 potions of resistance
 H - 3 potions of ambrosia
 L - a potion of haste
 M - a potion of magic {unknown}
Comestibles
 c - 17 rations


   Skills:
 * Level 9.5(5.5) Fighting
 + Level 6.5(4.5) Short Blades
 + Level 8.3(5.3) Long Blades
 * Level 6.4(3.2) Axes
 + Level 5.1(2.5) Armour
 + Level 6.0(3.0) Dodging
 - Level 10.0(6.0) Stealth
 * Level 4.5(2.2) Shields
 * Level 7.6(3.8) Spellcasting
 + Level 6.3(3.1) Conjurations
 * Level 1.0(0.5) Hexes
 * Level 0.4(0.2) Charms
 + Level 6.5(3.2) Translocations
 * Level 0.3(0.1) Ice Magic


You had 7 spell levels left.
You knew the following spells:

 Your Spells              Type           Power        Failure   Level  Hunger
a - Ozocubu's Armour      Chrm/Ice       #.......     50%         3    ###....
b - Iskenderun's Mystic   Conj/Tloc      ##......     47%         4    ####...
d - Magic Dart            Conj           ##..         5%          1    None
e - Searing Ray           Conj           ##....       9%          2    ##.....
f - Dazzling Flash        Conj/Hex       #.....       28%         3    ###....
h - Hailstorm             Conj/Ice       #.......     69%         4    ####...
r - Frozen Ramparts       Ice            #.....       50%         3    ###....

Your spell library contained the following spells:

 Spells                   Type           Power        Failure   Level  Hunger
 Gell's Gravitas          Tloc           ##........   16%         3    ###....
 Freeze                   Ice            #...         19%         1    None
 Confusing Touch          Hex            #.......     43%         3    ###....
 Fulminant Prism          Conj/Hex       #.........   67%         4    ####...
 Summon Ice Beast         Ice/Summ       #.......     88%         4    ####...
 Petrify                  Tmut/Erth      #.......     89%         4    ####...
 Metabolic Englaciation   Hex/Ice        #.........   99%         5    ######.
 Yara's Violent Unravell  Hex/Tmut       #.........   99%         5    ######.


Dungeon Overview and Level Annotations

Branches:
Dungeon (12/15)            Temple (1/1) D:4            Lair (6/6) D:10
  Swamp (0/4) Lair:2       Spider (0/4) Lair:4        Slime (0/5) Lair:5
    Orc (0/2) D:12

Altars:
Ashenzari
Cheibriados
Dithmenos
Elyvilon
Gozag
Kikubaaqudgha
Makhleb
Nemelex Xobeh
Okawaru
Ru
Vehumet
Wu Jian
The Shining One
Jiyva

Annotations:
D:5 3 runed translucent doors, ra1n577's ghost, novice MiFi
D:10 Gastronok
D:11 Erolcha
Lair:1 exclusion: 3 oklob plants


Innate Abilities, Weirdness & Mutations

You cannot wear boots.
Your serpentine skin is tough. (AC +4)
You have supernaturally acute eyesight. (SInv)
Armour fits poorly on your strangely shaped body.
Your system is resistant to poisons. (rPois)
You cover ground very slowly.
You have a slow metabolism.
You can spit poison.
You can use your snake-like lower body to constrict enemies.


Message History

The polar bear misses you.
The polar bear claws you but does no damage.
You slash the polar bear!
The polar bear is severely wounded.
You hit the molten gargoyle. You constrict the molten gargoyle.
The molten gargoyle blasts magma at you!
The bolt of magma hits you!!
* * * LOW HITPOINT WARNING * * *
The polar bear barely misses you.
The polar bear claws you but does no damage.
The polar bear claws you.
* * * LOW HITPOINT WARNING * * *
You are too berserk!
You hit the molten gargoyle but do no damage.
The molten gargoyle is heavily damaged.
You slash the polar bear! You constrict the molten gargoyle.
The molten gargoyle hits you with a +0 mace!
* * * LOW HITPOINT WARNING * * *
You are engulfed in flames!
You die...

### ### ## ###.# ##.##
## ...##...##
#...####... .......#
#........... .P..(#
#.....P..S.. #...#
##...##P..... #.<.#
#...##....... ..
#...####.@##.#....
..PP##...#.##h9#....9..
............÷.#÷#.# ...
..............##.#
...###......####..# ..
###..### #..# . ####
#... ....# ....#


You could see a polar bear and a molten gargoyle.

Vanquished Creatures
  A two-headed ogre (D:11)
  An unseen horror (D:11)
  4 ugly things
  A cyclops (D:11)
  A manticore (D:12)
  A black mamba (Lair:6)
  7 spiny frogs
  2 rime drakes
  6 komodo dragons
  3 trolls (D:10)
  18 blink frogs
  8 hippogriffs
  6 slime creatures
  Prince Ribbit (D:6)
  4 dream sheep
  3 redbacks (Lair:4)
  35 yaks
  2 wyverns
  Grum (D:11)
  A wraith (D:11)
  A human (D:12)
  A steam dragon (Lair:6)
  2 hungry ghosts
  3 vampire mosquitoes (Lair:2)
  Duvessa (D:7)
  8 water moccasins
  6 porcupines
  5 orc warriors
  3 sky beasts
  2 ice beasts
  A black bear (D:11)
  3 phantoms
  3 necrophages
  An eye of draining (D:10)
  8 ogres
  4 centaurs
  13 crocodiles
  12 wolves
  A big kobold (D:8)
  8 bullfrogs
  Dowan (D:7)
  6 scorpions
  8 killer bees
  8 wights
  4 howler monkeys
  3 electric eels
  A bullfrog zombie (D:5)
  A quasit (D:8)
  2 centaur zombies
  A jelly (D:8)
  2 centaur skeletons
  7 crimson imps
  9 hounds
  5 bullfrog skeletons
  A gnoll shaman (D:10)
  4 orc priests
  Jessica (D:2)
  5 iguanas
  14 orc wizards
  6 worker ants
  2 killer bee zombies (D:10)
  A hound zombie (D:6)
  A worker ant zombie (D:5)
  Robin (D:2)
  12 adders
  4 gnolls (D:10)
  A shadow imp (D:6)
  3 oozes
  2 adder skeletons
  An adder zombie (D:5)
  A worm (D:6)
  6 dart slugs
  4 leopard geckos
  37 orcs
  6 giant cockroaches
  16 hobgoblins
  11 jackals
  13 kobolds
  4 quokkas
  3 ball pythons
  2 bats
  6 frilled lizards
  17 goblins
  A jackal skeleton (D:5)
  A quokka skeleton (D:5)
  5 rats
442 creatures vanquished.

Vanquished Creatures (others)
  6 fungi
  6 plants
12 creatures vanquished.

Grand Total: 454 creatures vanquished

Notes
Turn   | Place    | Note
-------+----------+-------------------------------------------
     0 | D:1      | Esekla the Naga Conjurer began the quest for the Orb.
     0 | D:1      | Reached XP level 1. HP: 15/15 MP: 3/3
   373 | D:1      | Reached XP level 2. HP: 14/22 MP: 0/5
   422 | D:1      | Learned a level 2 spell: Searing Ray
   518 | D:1      | Found a shattered altar of Ashenzari.
   525 | D:1      | Became a worshipper of Ashenzari the Shackled
   756 | D:2      | Reached XP level 3. HP: 28/30 MP: 6/6
  1784 | D:2      | Reached XP level 4. HP: 34/37 MP: 2/7
  1786 | D:2      | Noticed Jessica
  1800 | D:2      | Reached skill level 1 in Short Blades
  1801 | D:2      | Reached skill level 1 in Fighting
  1958 | D:1      | Learned a level 4 spell: Iskenderun's Mystic Blast
  1965 | D:2      | Killed Jessica
  2340 | D:2      | Noticed Robin
  2347 | D:2      | Killed Robin
  2347 | D:2      | Reached XP level 5. HP: 43/44 MP: 6/9
  2411 | D:2      | Reached * piety under Ashenzari
  2500 | D:2      | Upgraded the game from 0.25-a0-975-gcae8493d64 to
                  | 0.25-a0-992-gca090100c3
  2600 | D:4      | Reached skill level 1 in Long Blades
  2646 | D:4      | Found a snail-covered altar of Cheibriados.
  2690 | D:4      | Reached skill level 4 in Stealth
  2690 | D:4      | Reached skill level 1 in Translocations
  3091 | D:4      | Reached XP level 6. HP: 42/51 MP: 10/10
  3815 | D:4      | Found a staircase to the Ecumenical Temple.
  4138 | D:4      | Reached skill level 5 in Stealth
  4138 | D:4      | Reached XP level 7. HP: 17/60 MP: 8/11
  4381 | D:5      | Entered Level 5 of the Dungeon
  4524 | D:5      | Found an ornate altar of the Wu Jian Council.
  4899 | D:5      | Reached skill level 6 in Stealth
  4948 | D:5      | Reached skill level 5 in Conjurations
  4999 | D:5      | Reached XP level 8. HP: 68/68 MP: 7/13
  5210 | D:5      | Found a runed translucent gate.
  5211 | D:5      | Found a runed translucent gate.
  5211 | D:5      | Noticed ra1n577's ghost (novice MiFi)
  5211 | D:5      | Identified the cursed +3 short sword "Japs" {pain, rN++
                  | MR+}
  5212 | D:5      | Found a runed translucent gate.
  5325 | D:6      | Found a sparkling altar of Nemelex Xobeh.
  5785 | D:6      | Found a radiant altar of Vehumet.
  5889 | D:6      | Reached skill level 7 in Stealth
  6062 | D:6      | Reached ** piety under Ashenzari
  6110 | D:6      | Found a white marble altar of Elyvilon.
  6699 | D:7      | Reached XP level 9. HP: 78/78 MP: 15/15
  6752 | D:7      | Reached skill level 8 in Stealth
  6758 | D:7      | Noticed Dowan
  6764 | D:7      | Noticed Prince Ribbit
  6772 | D:7      | Noticed Duvessa
  7040 | D:6      | Killed Prince Ribbit
  7110 | D:7      | Killed Duvessa
  7884 | D:7      | Killed Dowan
  8128 | D:7      | Found an ornate altar of the Wu Jian Council.
  8311 | D:7      | Reached skill level 5 in Fighting
  8469 | D:7      | Reached skill level 1 in Armour
  8605 | D:7      | Reached XP level 10. HP: 88/88 MP: 17/17
  8607 | D:7      | Reached skill level 9 in Stealth
  8787 | D:7      | Reached skill level 5 in Spellcasting
  9382 | D:8      | Reached skill level 5 in Long Blades
  9863 | D:9      | Reached skill level 5 in Translocations
 10879 | D:8      | Noticed a purple ugly thing
 11761 | D:10     | Entered Level 10 of the Dungeon
 11864 | D:8      | Killed a purple ugly thing
 12253 | D:9      | Reached XP level 11. HP: 75/97 MP: 19/19
 12666 | D:10     | Reached *** piety under Ashenzari
 13076 | D:10     | Reached skill level 1 in Shields
 13170 | D:10     | Found a staircase to the Lair.
 13502 | D:10     | Reached skill level 1 in Axes
 13739 | D:10     | Reached skill level 5 in Short Blades
 13991 | D:11     | Noticed a cyclops
 13994 | D:11     | Killed a cyclops
 14026 | D:11     | Reached skill level 10 in Stealth
 14062 | D:11     | Noticed a purple ugly thing
 14075 | D:11     | Killed a purple ugly thing
 14297 | D:10     | Noticed Gastronok
 14340 | D:11     | Noticed Grum
 14385 | Lair:1   | Entered Level 1 of the Lair of Beasts
 14705 | Lair:1   | Found a shattered altar of Ashenzari.
 15127 | D:11     | Noticed an unseen horror
 15155 | D:11     | Killed an unseen horror
 15533 | D:11     | Noticed a two-headed ogre
 15548 | D:11     | Killed a two-headed ogre
 15548 | D:11     | Reached skill level 5 in Dodging
 16004 | D:12     | Reached XP level 12. HP: 109/109 MP: 21/21
 16319 | D:12     | Identified the +3 rapier of the Key {speed, Dex+4}
 16978 | D:11     | HP: 2/110 [cyan ugly thing (14)]
 17467 | D:11     | Noticed Erolcha
 17516 | D:11     | Killed Grum
 18965 | Lair:2   | Found a staircase to the Swamp.
 19084 | Lair:2   | Reached **** piety under Ashenzari
 20105 | Lair:3   | Gained mutation: You can use your snake-like lower body to
                  | constrict enemies. [Naga growth]
 20105 | Lair:3   | Reached XP level 13. HP: 102/118 MP: 15/23
 20625 | Temple   | Entered the Ecumenical Temple
 20663 | Temple   | Fell from the grace of Ashenzari
 20663 | Temple   | Became a worshipper of Makhleb the Destroyer
 21572 | Lair:4   | Found a hole to the Spider Nest.
 21598 | Lair:4   | Reached skill level 5 in Axes
 21798 | Lair:4   | Reached skill level 5 in Armour
 22325 | Lair:4   | Reached * piety under Makhleb
 23158 | Lair:5   | Learned a level 3 spell: Frozen Ramparts
 23162 | Lair:5   | Learned a level 3 spell: Ozocubu's Armour
 23166 | Lair:5   | Learned a level 3 spell: Dazzling Flash
 23171 | Lair:5   | Learned a level 4 spell: Hailstorm
 23348 | Lair:5   | Found a staircase to the Slime Pits.
 23349 | Lair:5   | Found a viscous altar of Jiyva.
 24047 | Lair:6   | Entered Level 6 of the Lair of Beasts
 24105 | Lair:6   | HP: 3/121 [steam dragon/ball of steam (14)]
 24249 | Lair:6   | Reached skill level 1 in Hexes
 24268 | Lair:6   | HP: 9/181 [molten gargoyle/+0 mace (9)]
 24268 | Lair:6   | Slain by a molten gargoyle

Illustrated notes

Levels and vault maps discovered:
D:1:      erik_arrival_triangle_medium, layout_loops_corners,
          evilmike_ruin_ashenzari
D:2:      layout_basic, uniq_jessica, uniq_robin
D:3:      layout_loops_ring, first_ration, minmay_misc_feat_rugged
D:4:      layout_loops_corners, kennysheep_slug_shrine,
          minmay_temple_entry_statues_pillars
D:5:      layout_basic, gammafunk_ghost_nasty_kobolds, basic_altar
D:6:      layout_loops_ring, vehumet_altar_wand_db, lemuel_doored_altar,
          elyvilon_altar_1
D:7:      layout_loops_ring, nicolae_overflow_crystal_walls, uniq_duvessa,
          uniq_prince_ribbit1
D:8:      layout_gridville
D:9:      layout_gridville
D:10:     layout_stronghold, erik_lair_island, uniq_gastronok
D:11:     layout_basic, uniq_grum, uniq_erolcha
D:12:     layout_roguey, kennysheep_orc_monster_closet_entryway,
          serial_corexii_hall, corexii_hall_statues_x, corexii_hall_statues_l,
          corexii_hall_statues_l, chequers_hall_statues_wall_a,
          corexii_hall_statues_i, chequers_hall_statues_wall_a, serial_shops,
          shop, hangedman_stone_soup
Temple:   bh_familiar_temple
Lair:1:   layout_cellular_growth, basic_altar, minmay_lair_oklob_chamber
Lair:2:   layout_cave_shapes, minmay_swamp_entry_swarm
Lair:3:   layout_loops_ring, grunt_megastairs_4
Lair:4:   layout_small_grid, spider_nest_entry_webs
Lair:5:   layout_misc_corridors, slime_altar_1, serial_bayou_shore_a
Lair:6:   cheibrodos_lair_end_hotspot, layout_small_grid,
          gauntlet_entry_generic, basic_altar, uniq_sonja

Skill      XL: |  1  2  3  4  5  6  7  8  9 10 11 12 13 |
---------------+----------------------------------------+-----
Short Blades   | 1 2 4 5 6 |  6.5
Fighting       | 1 2 3 5 6 7 8 9 |  9.5
Long Blades    | 1 2 3 4 5 7 8 |  8.3
Dodging        | 2 3 4 5 6 |  6.0
Stealth        | 4 5 6 7 8 9 10 | 10.0
Translocations | 1 2 3 4 5 6 |  6.5
Spellcasting   | 3 4 5 6 7 |  7.6
Conjurations   | 5 6 |  6.3
Armour         | 1 3 4 5 |  5.1
Shields        | 2 3 4 |  4.5
Axes           | 2 4 6 |  6.4
Hexes          | 1 |  1.0
Charms         | |  0.4
Ice Magic      | |  0.3

Action                   |  1- 3 |  4- 6 |  7- 9 | 10-12 | 13-15 || total
-------------------------+-------+-------+-------+-------+-------++-------
Melee: Dagger            |    44 |    48 |   227 |   521 |    25 ||   865
       Long sword        |     5 |    28 |       |       |       ||    33
       War axe           |       |       |       |       |   144 ||   144
       Constrict         |       |       |       |       |    39 ||    39
Throw: Dart              |     1 |    10 |    12 |    36 |    10 ||    69
       Boomerang         |       |       |     2 |     6 |     1 ||     9
 Cast: Magic Dart        |    15 |     3 |       |     5 |       ||    23
       Searing Ray       |    11 |    10 |    32 |   101 |     7 ||   161
       Iskenderun's Myst |       |       |       |    15 |       ||    15
Invok: Curse Item        |       |     2 |       |     2 |       ||     4
       Scrying           |       |       |       |     1 |       ||     1
 Abil: Spit Poison       |    21 |    10 |    24 |    41 |    14 ||   110
  Use: Scroll            |       |     6 |     4 |    17 |    12 ||    39
       Potion            |       |       |     2 |     5 |     3 ||    10
 Stab: Sleeping          |     4 |     8 |    10 |    24 |     5 ||    51
       Distracted        |       |       |     1 |     1 |       ||     2
  Eat: Chunk             |     3 |     9 |     6 |    30 |    12 ||    60
       Ration            |       |       |     2 |     2 |     1 ||     5
Armor: Robe              |     9 |    25 |    52 |       |       ||    86
       Leather armour    |       |       |    53 |   304 |   106 ||   463
Dodge: Dodged            |    32 |    50 |   130 |   421 |   103 ||   736
       Rpst.: Long sword |     1 |     5 |       |       |       ||     6

Table legend:
 A = Non-vault XP
 B = Vault XP
 C = Vault XP percentage of total XP
 D = Non-vault monster count
 E = Vault monster count
 F = Vault count percentage of total count
                 A         B        C        D         E       F
            +---------+---------+-------+---------+---------+-------
      Total |   41932 |    4393 |   9.5 |     400 |      42 |   9.5
            +---------+---------+-------+---------+---------+-------
        D:1 |      46 |       0 |   0.0 |      26 |       0 |   0.0
        D:2 |      34 |      72 |  67.9 |      14 |      12 |  46.2
        D:3 |      97 |       0 |   0.0 |      27 |       0 |   0.0
        D:4 |     370 |       4 |   1.1 |      10 |       1 |   9.1
        D:5 |     914 |       0 |   0.0 |      23 |       0 |   0.0
        D:6 |    1114 |     266 |  19.3 |      28 |       2 |   6.7
        D:7 |    1881 |     229 |  10.9 |      34 |       2 |   5.6
        D:8 |    2306 |       0 |   0.0 |      43 |       0 |   0.0
        D:9 |    2012 |       0 |   0.0 |      23 |       0 |   0.0
       D:10 |    2538 |    1013 |  28.5 |      27 |      11 |  28.9
       D:11 |    7433 |     204 |   2.7 |      36 |       1 |   2.7
       D:12 |    3430 |     328 |   8.7 |      19 |       2 |   9.5
     Lair:1 |    1409 |       0 |   0.0 |       8 |       0 |   0.0
     Lair:2 |    4802 |     531 |  10.0 |      24 |       3 |  11.1
     Lair:3 |    4901 |     289 |   5.6 |      19 |       2 |   9.5
     Lair:4 |    3597 |     670 |  15.7 |      19 |       3 |  13.6
     Lair:5 |    3643 |       0 |   0.0 |      14 |       0 |   0.0
     Lair:6 |    1405 |     787 |  35.9 |       6 |       3 |  33.3
            +---------+---------+-------+---------+---------+-------
